 Dungeon Crawl Stone Soup version 0.20.0-15-g7f486f2 (webtiles) character file.

1771 skittles the Arsonist (level 8, -3/57 HPs)
             Began as a Black Draconian Fire Elementalist on June 9, 2017.
             Killed from afar by Dowan (6 damage)
             ... with a stone arrow
             ... on level 5 of the Dungeon.
             The game lasted 00:22:44 (7746 turns).

skittles the Arsonist (DrFE)                        Turns: 7746, Time: 00:22:45

Health: -3/57      AC:  7    Str: 11    XL:     8   Next: 80%
Magic:  0/12       EV: 12    Int: 22    God:
Gold:   151        SH:  0    Dex: 12    Spells: 3/11 levels left

rFire    + + .     SeeInvis .   y - +0 spear (curse)
rCold    + . .     Gourm    +   (no shield)
rNeg     . . .     Faith    .   (armour unavailable)
rPois    +         Spirit   .   (helmet restricted)
rElec    +         Reflect  .   (no cloak)
rCorr    +         Harm     .   (no gloves)
MR       .....     Clarity  +   l - +0 pair of boots
Stlth    +++.......             g - amulet of the gourmand
Regen    0.2/turn               p - ring of resist corrosion
MPRegen  0.2/turn               (no ring)

@: brilliant, resistant
A: breathe lightning, unfitting armour, camouflage 1, blurry vision 1, clarity,
fire resistance 1, high mp 1, poison resistance, electricity resistance,
cold-blooded, AC +6
a: Breathe Lightning


You were on level 5 of the Dungeon.
You were very full.

You visited 1 branch of the dungeon, and saw 6 of its levels.

You collected 151 gold pieces.

Inventory:

Hand Weapons
 n - a +0 whip
 y - a cursed +0 spear (weapon)
Armour
 c - a +0 buckler
 l - a +0 pair of boots (worn)
Jewellery
 g - an amulet of the gourmand (around neck)
 p - a ring of resist corrosion (left hand)
Wands
 v - a wand of lightning (0/15)
Scrolls
 i - 4 scrolls of teleportation {unknown}
 k - 3 scrolls of enchant weapon {unknown}
 m - a scroll of magic mapping {unknown}
 t - 2 scrolls of amnesia
 w - 2 scrolls of remove curse
Potions
 o - a potion of resistance
Books
 a - a book of Flames

   Spells                             Type                      Level
   a - Flame Tongue                   Conjuration/Fire             1
   b - Throw Flame                    Conjuration/Fire             2
   c - Conjure Flame                  Conjuration/Fire             3
   d - Inner Flame                    Hexes/Fire                   3
   e - Sticky Flame                   Conjuration/Fire             4
   f - Fireball                       Conjuration/Fire             5
Comestibles
 b - 9 bread rations
 h - 4 royal jellies
 q - 3 meat rations
 A - 16 fruits


   Skills:
 - Level 1.7 Dodging
 - Level 1.7 Stealth
 - Level 2.0 Spellcasting
 + Level 8.0 Conjurations
 + Level 8.7 Fire Magic


You had 3 spell levels left.
You knew the following spells:

 Your Spells              Type           Power        Failure   Level  Hunger
a - Flame Tongue          Conj/Fire      #####        1%          1    #......
b - Conjure Flame         Conj/Fire      ######..     1%          3    ###....
c - Sticky Flame          Conj/Fire      ######..     1%          4    #####..


Dungeon Overview and Level Annotations

Branches:
Dungeon (6/15)
 Temple: D:4-7

Altars:
Ashenzari
Dithmenos

Annotations:
D:2 1 runed door
D:5 Dowan
D:6 Grinder


Innate Abilities, Weirdness & Mutations

You can breathe wild blasts of lightning.
Your glossy black scales are hard. (AC +6)
You cannot fit into any form of body armour.
You are resistant to electric shocks. (rElec)
You are cold-blooded and may be slowed by cold attacks.
Your skin changes colour to match your surroundings (Stealth+).
Scrolls take you a little longer to read.
You possess an exceptional clarity of mind.
Your flesh is heat resistant. (rF+)
You have an increased reservoir of magic. (+10% MP)
Your system is resistant to poisons. (rPois)


Message History

Your Conjurations skill increases to level 8!
Dowan barely misses you.
You feel protected. Dowan hits you but does no damage. Dowan misses you.
You feel clever all of a sudden. Dowan hits you but does no damage.
Dowan hits you with a dagger of speed.
* * * LOW HITPOINT WARNING * * *
Casting: Flame Tongue
Confirm with . or Enter, or press ? or * to list all spells.
Aiming: Flame Tongue
Press: ? - help, Shift-Dir - straight line, f - Dowan
Aim: Dowan, wielding a dagger of speed and wearing a robe (fast)
The flame tongue hits Dowan.
Dowan is moderately wounded.
Dowan hits you but does no damage. Dowan hits you with a dagger of speed.
* * * LOW HITPOINT WARNING * * *
Okay, then.
Dowan gestures at you while chanting. The stone arrow hits you!
You die...

##.####.....###...##.#....
#..# ##.....#######..#####
##.####.......## ##.######
#..# #.........# #........
#.####.........# #..######
##.##...#.......####...#####
#..##.#.##e)................
###.##..#.#.>.....####..#.....
#..>.#.#..#..@(...####..#.####
#....#...##.....(.........####
#......#####.....##..#..####..
#.....## ##...##...##..##...
#.....# ####...#.##..#....
#....## ######.#...##.......
#....# #........###........
#....# #..............#....
#....# ###......##..###.#.#..


You could see Dowan.

Vanquished Creatures
  The ghost of skittles the Conjurer, a novice DrFE (D:5)
  Prince Ribbit (D:6)
  An ice beast (D:5)
  Duvessa (D:5)
  2 ogres (D:5)
  The ghost of Mygna the Conjurer, an amateur DrCj of Sif Muna (D:4)
  A centaur (D:5)
  A bullfrog (D:5)
  A scorpion (D:5)
  A crimson imp (D:5)
  2 hounds
  2 bullfrog skeletons (D:5)
  An orc priest (D:6)
  2 orc wizards
  A centaur skeleton (D:4)
  An iguana (D:4)
  4 worker ants
  Robin (D:1)
  3 gnolls (D:5)
  5 adders
  3 oozes
  2 worms
  3 dart slugs
  4 leopard geckos
  6 orcs
  2 ball pythons
  4 bats
  6 giant cockroaches
  8 hobgoblins
  8 jackals
  4 kobolds
  4 quokkas
  3 frilled lizards
  11 goblins
  A jackal zombie (D:5)
  5 rats
  A fungus (D:2)
108 creatures vanquished.

Notes
Turn   | Place    | Note
-------+----------+-------------------------------------------
     0 | D:1      | skittles the Draconian Fire Elementalist began the quest for the Orb.
     0 | D:1      | Reached XP level 1. HP: 14/14 MP: 3/3
   131 | D:1      | Reached XP level 2. HP: 10/20 MP: 5/5
   929 | D:2      | Noticed Robin
  1114 | D:1      | Killed Robin
  1114 | D:1      | Reached XP level 3. HP: 23/26 MP: 2/6
  1325 | D:2      | Found a faded altar of an unknown god.
  1787 | D:2      | Reached XP level 4. HP: 33/33 MP: 7/7
  1929 | D:2      | Found a runed door.
  1937 | D:2      | Learned a level 3 spell: Conjure Flame
  2954 | D:3      | Found a shadowy altar of Dithmenos.
  3327 | D:4      | Reached XP level 5. HP: 33/38 MP: 3/8
  3568 | D:4      | Reached skill level 5 in Fire Magic
  3685 | D:4      | Learned a level 4 spell: Sticky Flame
  3753 | D:4      | Noticed Mygna's ghost (amateur DrCj)
  3776 | D:5      | Entered Level 5 of the Dungeon
  3792 | D:5      | HP: 1/38 [worker ant (6)]
  3793 | D:5      | Gained mutation: You expend magic power (3 MP) to strengthen your wands. [potion of mutation]
  3793 | D:5      | Gained mutation: You tend to lose your temper in combat. [potion of mutation]
  3793 | D:5      | Gained mutation: You have a pair of small horns on your head. [potion of mutation]
  4492 | D:5      | Noticed an ice beast
  4498 | D:5      | Killed an ice beast
  4498 | D:5      | Reached XP level 6. HP: 12/45 MP: 0/9
  4499 | D:5      | Lost mutation: You tend to lose your temper in combat. [potion of mutation]
  4499 | D:5      | Lost mutation: You have a pair of small horns on your head. [potion of mutation]
  4499 | D:5      | Gained mutation: Your large and strong wings let you fly indefinitely. [potion of mutation]
  4499 | D:5      | Gained mutation: Scrolls take you a little longer to read. [potion of mutation]
  4499 | D:5      | Gained mutation: Your skin changes colour to match your surroundings (Stealth+). [potion of mutation]
  4500 | D:5      | Lost mutation: You expend magic power (3 MP) to strengthen your wands. [potion of mutation]
  4500 | D:5      | Lost mutation: Your large and strong wings let you fly indefinitely. [potion of mutation]
  4500 | D:5      | Gained mutation: Your system is resistant to poisons. (rPois) [potion of mutation]
  4500 | D:5      | Gained mutation: You possess an exceptional clarity of mind. [potion of mutation]
  4500 | D:5      | Gained mutation: You have an increased reservoir of magic. (+10% MP) [potion of mutation]
  4500 | D:5      | Gained mutation: Your flesh is heat resistant. (rF+) [potion of mutation]
  5144 | D:5      | Noticed skittles's ghost (novice DrFE)
  5176 | D:5      | Found a shattered altar of Ashenzari.
  5311 | D:5      | Reached skill level 5 in Conjurations
  5449 | D:4      | Your scales start taking on a glossy black colour.
  5449 | D:4      | Reached XP level 7. HP: 25/50 MP: 6/11
  5449 | D:4      | Gained mutation: You are resistant to electric shocks. (rElec) [Black Draconian growth]
  5711 | D:4      | Killed Mygna's ghost
  6738 | D:5      | Killed skittles's ghost
  6738 | D:5      | Reached XP level 8. HP: 27/57 MP: 0/12
  7148 | D:6      | Noticed Prince Ribbit
  7167 | D:6      | Noticed Grinder
  7714 | D:6      | Paralysed by Grinder for 7 turns
  7719 | D:6      | Noticed Duvessa
  7726 | D:6      | Noticed Dowan
  7733 | D:6      | Killed Prince Ribbit
  7739 | D:6      | HP: 2/57 [Dowan/puff of frost (9)]
  7742 | D:5      | Killed Duvessa
  7745 | D:5      | HP: 2/57 [Dowan/dagger of speed (1)]
  7746 | D:5      | Killed from afar by Dowan

Skill      XL: |  1  2  3  4  5  6  7  8 |
---------------+-------------------------+-----
Conjurations   | 2 3 4 5 7 8 |  8.0
Fire Magic     | 4 5 6 7 8 |  8.7
Dodging        | |  1.7
Stealth        | |  1.7
Spellcasting   | |  2.0

Action                   |  1- 3 |  4- 6 |  7- 9 || total
-------------------------+-------+-------+-------++-------
Melee: Dagger            |    47 |       |       ||    47
       Tailslap          |    14 |    11 |     7 ||    32
       Unarmed           |     1 |       |       ||     1
       Whip              |   124 |   186 |    54 ||   364
       Headbutt          |       |     1 |       ||     1
       Spear             |       |       |    25 ||    25
 Cast: Flame Tongue      |    18 |    63 |    54 ||   135
       Sticky Flame      |       |     2 |    10 ||    12
       Conjure Flame     |       |     1 |     2 ||     3
 Abil: Breathe Lightning |       |       |     3 ||     3
Evoke: Wand              |       |     5 |       ||     5
  Use: Potion            |       |     4 |    13 ||    17
       Scroll            |       |       |     5 ||     5
 Stab: Distracted        |     1 |       |     1 ||     2
       Sleeping          |     2 |     1 |     1 ||     4
  Eat: Chunk             |    11 |     4 |    18 ||    33
       Meat ration       |       |     1 |       ||     1
Armor: Skin              |    64 |    82 |    90 ||   236
Dodge: Dodged            |   151 |   131 |   110 ||   392
